 Dungeon Crawl Stone Soup version 0.30.1-1-g62c8e00024 (webtiles) character file.

Game seed: 11352814354540426636

128 Peloso the Covered (level 4, 0/41 HPs)
             Began as a Minotaur Fighter on July 14, 2023.
             Slain by an orc wizard
             ... wielding the +2 rapier "Qeineun" {freeze, rElec}
              (2 damage)
             ... on level 3 of the Dungeon.
             The game lasted 00:03:53 (2278 turns).

Peloso the Covered (Minotaur Fighter)               Turns: 2278, Time: 00:03:55

Health: 0/41       AC:  7    Str: 21    XL:     4   Next: 87%
Magic:  3/3        EV:  7    Int:  5    God:
Gold:   63         SH: 12    Dex: 11    Spells: 3/3 levels left

rFire   . . .        a - +0 long sword
rCold   . . .        d - +0 tower shield
rNeg    . . .        b - +0 scale mail
rPois   .            (helmet restricted)
rElec   .            (no cloak)
rCorr   .            (no gloves)
SInv    .            (no boots)
Will    +....        (no amulet) Stlth
                     g - ring of willpower
HPRegen 0.26/turn    (no ring)
MPRegen 0.08/turn

%: no passive effects
@: no status effects
A: horns 2, retaliatory headbutt
a: no special abilities


You were on level 3 of the Dungeon.
You visited 1 branch of the dungeon, and saw 3 of its levels.

You collected 63 gold pieces.

Inventory:

Hand Weapons
 a - a +0 long sword (weapon)
Armour
 b - a +0 scale mail (worn)
 c - a +0 buckler
 d - a +0 tower shield (worn)
Jewellery
 g - a ring of willpower (left hand)
Scrolls
 e - 3 scrolls of identify {unknown}
 f - a scroll of enchant weapon {unknown}
 h - 2 scrolls of blinking {unknown}
 l - 2 scrolls of magic mapping {unknown}
 m - 2 scrolls of poison {unknown}
 n - 3 scrolls of fear {unknown}
 o - a scroll of vulnerability {unknown}
Potions
 j - a potion of haste {unknown}
 k - a potion of attraction {unknown}
 p - a potion of might


   Skills:
 + Level 4.3 Fighting
 + Level 3.8 Long Blades
 + Level 4.7 Armour
 + Level 1.2 Dodging
 + Level 0.1 Stealth
 + Level 4.2 Shields


You had 3 spell levels left.
You didn't know any spells.
Your spell library was empty.

Dungeon Overview and Level Annotations

Branches:
Dungeon (3/15)

Altars:
Dithmenos

Annotations:
D:2 1 runed translucent door, Crazy Yiuf


Innate Abilities, Weirdness & Mutations

You have a pair of horns on your head.
You reflexively headbutt those who attack you in melee.


Message History

You closely miss something. Your headbutt misses something. Something hits you.
* * * LOW HITPOINT WARNING * * *
Something freezes you.
* * * LOW HITPOINT WARNING * * *
Something hits you but does no damage.
Okay, then.
Okay, then.
You hit something. Something hits you but does no damage. Something hits you.
* * * LOW HITPOINT WARNING * * *
Something freezes you.
* * * LOW HITPOINT WARNING * * *
It was a potion of curing.
You feel better.
An orc wizard appears from thin air!
Reactivating autopickup.
You block the orc wizard's attack.
You closely miss the orc wizard.
The orc wizard is lightly wounded.
The orc wizard hits you with the +2 rapier "Qeineun" {freeze, rElec}.
* * * LOW HITPOINT WARNING * * *
The orc wizard freezes you.
* * * LOW HITPOINT WARNING * * *
You closely miss the orc wizard.
The orc wizard is lightly wounded.
The orc wizard hits you with the +2 rapier "Qeineun" {freeze, rElec}.
* * * LOW HITPOINT WARNING * * *
The orc wizard freezes you.
* * * LOW HITPOINT WARNING * * *
You block the orc wizard's attack.
You barely miss the orc wizard. You headbutt the orc wizard!
The orc wizard is severely wounded.
You block the orc wizard's attack.
Unknown command.
You hit the orc wizard but do no damage.
Your headbutt misses the orc wizard.
The orc wizard is severely wounded.
The orc wizard hits you but does no damage.
The orc wizard hits you with the +2 rapier "Qeineun" {freeze, rElec}.
* * * LOW HITPOINT WARNING * * *
The orc wizard freezes you.
You die...

#>...............#
#...
#####............#
####
#............#
#......|.....#
#............#
#............#
#............#
#............#
##########@###
#o#####...
#.†.......
#.........
#.........
#.........
#.........
#.........
#......... .


You could see an orc wizard.

Vanquished Creatures
  Natasha (D:3)
  3 adders
  2 worms
  A dart slug (D:1)
  4 orcs
  2 endoplasms (D:1)
  4 giant cockroaches (D:1)
  6 goblins
  5 hobgoblins
  6 jackals
  2 quokkas (D:2)
  6 ball pythons
  4 bats (D:1)
  4 frilled lizards
  5 kobolds
  7 rats
62 creatures vanquished.

Vanquished Creatures (others)
  A goblin (D:1)
1 creature vanquished.

Grand Total: 63 creatures vanquished

Notes
Turn   | Place    | Note
-------+----------+-------------------------------------------
     0 | D:1      | Peloso the Minotaur Fighter began the quest for the Orb.
     0 | D:1      | Reached XP level 1. HP: 19/19 MP: 0/0
    42 | D:1      | Reached XP level 2. HP: 17/27 MP: 1/1
   218 | D:1      | Found a faded altar of an unknown god.
   391 | D:1      | Reached XP level 3. HP: 33/33 MP: 2/2
  1003 | D:2      | Found a runed translucent door.
  1004 | D:2      | Noticed Crazy Yiuf
  1138 | D:2      | Reached skill level 1 in Dodging
  1946 | D:3      | Reached XP level 4. HP: 35/40 MP: 3/3
  1971 | D:3      | Found a shadowy altar of Dithmenos.
  2053 | D:3      | Noticed Natasha
  2059 | D:3      | Killed Natasha
  2248 | D:3      | Identified the +2 rapier "Qeineun" {freeze, rElec}
  2278 | D:3      | HP: 2/41 [orc wizard/the +2 rapier "Qeineun" {freeze,
                  | rElec} (4)]
  2278 | D:3      | Slain by an orc wizard

Illustrated notes

Levels and vault maps discovered:
D:1:      dpeg_arrival_solitude, layout_basic, chequers_ecumenical_altar_simple,
          lemuel_flame_loot_1
D:2:      minmay_general_purpose_star, layout_loops_corners,
          uniq_crazy_yiuf_cottage
D:3:      layout_basic, gammafunk_temple_overflow_wave,
          mainiacjoe_overflow_cross_hatched, nrook_campfire, uniq_natasha

Skill      XL: |  1  2  3 |
---------------+----------+-----
Shields        | 4 |  4.2
Fighting       | 4 |  4.3
Armour         | 4 |  4.7
Dodging        | 1 |  1.2
Long Blades    | 3 |  3.8
Stealth        | |  0.1

Action                     |  1- 3 |  4- 6 || total
---------------------------+-------+-------++-------
  Melee: Long sword        |   123 |    53 ||   176
         Headbutt          |    17 |    10 ||    27
    Use: Potion            |       |     1 ||     1
 Armour: Scale mail        |    68 |    23 ||    91
  Dodge: Dodged            |    76 |    11 ||    87
  Block: Buckler           |    31 |     1 ||    32
         Tower shield      |       |    17 ||    17
